 Dungeon Crawl Stone Soup version 0.23.2-33-g5129a83 (webtiles) character file.

Game seed: 9421959237944900887

276 Aphrodieselac the Charmwright (level 6, -2/44 HPs)
             Began as a Merfolk Skald on Aug 5, 2019.
             Killed from afar by an orc wizard (11 damage)
             ... with a puff of frost
             ... on level 4 of the Dungeon.
             The game lasted 00:16:54 (3631 turns).

Aphrodieselac the Charmwright (Merfolk Skald)       Turns: 3631, Time: 00:16:55

Health: -2/44      AC:  4    Str: 12    XL:     6   Next: 25%
Magic:  8/9        EV: 12    Int: 14    God:
Gold:   256        SH:  0    Dex: 13    Spells: 1/9 levels left

rFire    . . .     SeeInvis .   q - +0 spear (curse)
rCold    . . .     Gourm    .   (no shield)
rNeg     . . .     Faith    .   b - +1 leather armour
rPois    .         Spirit   .   (no helmet)
rElec    .         Reflect  .   r - scarf {repulsion}
rCorr    .         Harm     .   (no gloves)
MR       .....                  (no boots)
Stlth    +.........             (no amulet)
HPRegen  0.14/turn              (no ring)
MPRegen  0.11/turn              (no ring)

@: singing (expiring), repel missiles
A: change form in water, swift swim, stealthy swim
a: no special abilities


You were on level 4 of the Dungeon.
You were hungry.

You visited 1 branch of the dungeon, and saw 4 of its levels.

You collected 256 gold pieces.

Inventory:

Hand Weapons
 a - a +0 spear
 i - a +2 dagger of venom
 q - a cursed +0 spear (weapon)
 u - a +0 hunting sling
 y - a +0 trident
Missiles
 l - 4 needles of sleeping
 t - 5 tomahawks (quivered)
 v - 17 sling bullets
Armour
 b - a +1 leather armour (worn)
 r - a scarf of repulsion (worn)
Scrolls
 e - 5 scrolls of identify
 h - a scroll of amnesia
 m - 5 scrolls of enchant armour
 p - a scroll of teleportation
Potions
 f - 2 potions of brilliance {unknown}
 j - 2 potions of cancellation {unknown}
 k - a potion of ambrosia
 n - a potion of degeneration {unknown}
 o - 3 potions of curing {unknown}
 s - a potion of heal wounds {unknown}
 w - a potion of magic {unknown}
 x - a potion of might {unknown}
Comestibles
 d - 7 rations


   Skills:
 - Level 2.1 Fighting
 * Level 3.0 Polearms
 - Level 0.6 Armour
 - Level 2.6 Dodging
 - Level 2.0 Spellcasting
 + Level 7.5 Charms


You had one spell level left.
You knew the following spells:

 Your Spells              Type           Power        Failure   Level  Hunger
a - Infusion              Chrm           ###.         1%          1    ##.....
b - Song of Slaying       Chrm           ###.....     1%          2    ###....
c - Shroud of Golubria    Chrm/Tloc      ##........   10%         2    ###....
d - Spectral Weapon       Hex/Chrm       ##......     19%         3    ####...

Your spell library contained the following spells:

 Spells                   Type           Power        Failure   Level  Hunger
 Regeneration             Chrm/Necr      ##........   19%         3    ####...


Dungeon Overview and Level Annotations

Branches:
Dungeon (4/15)
 Temple: D:4-7

Altars:
Kikubaaqudgha
Makhleb
Qazlal
Ru
Sif Muna
Vehumet
Xom
Zin

Annotations:
D:4 Dowan


Message History

A puff of flame appears from out of thin air!
The puff of flame hits you.
You hear some strange, mumbled words.
A puff of flame appears from out of thin air!
The puff of flame is repelled.
Your shroud unravels.
You hear some strange, mumbled words.
A puff of frost appears from out of thin air!
The puff of frost misses you.
A puff of flame appears from out of thin air!
The puff of flame is repelled.
A magic dart appears from out of thin air!
The magic dart hits you!
Your song is almost over.
A puff of flame appears from out of thin air!
The puff of flame hits you!
* * * LOW HITPOINT WARNING * * *
A puff of frost appears from out of thin air!
The puff of frost hits you!
You die...

###...## .##...#
......# .#.####
##.# ...# ########
#####..###########
#.........o.....@#
.......###########
#####..# #..# #..#
#..# ...# #.## #.#


You could see an orc.

Vanquished Creatures
  A scorpion (D:3)
  A hound (D:4)
  Natasha (thrice) (D:3)
  3 adders
  An ooze (D:1)
  2 worms (D:3)
  3 dart slugs
  2 leopard geckos
  2 orcs (D:3)
  3 giant cockroaches (D:2)
  13 goblins
  9 hobgoblins
  8 jackals (D:1)
  3 quokkas
  7 bats
  7 frilled lizards
  6 kobolds
  5 rats
79 creatures vanquished.

Notes
Turn   | Place    | Note
-------+----------+-------------------------------------------
     0 | D:1      | Aphrodieselac the Merfolk Skald began the quest for the
                  | Orb.
     0 | D:1      | Reached XP level 1. HP: 16/16 MP: 3/3
   191 | D:2      | Reached skill level 4 in Charms
   191 | D:2      | Reached XP level 2. HP: 20/22 MP: 0/5
   203 | D:2      | Learned a level 2 spell: Song of Slaying
   206 | D:2      | Learned a level 2 spell: Shroud of Golubria
   378 | D:1      | Reached XP level 3. HP: 24/27 MP: 2/6
   826 | D:1      | Reached skill level 5 in Charms
  1401 | D:2      | Reached XP level 4. HP: 33/33 MP: 7/7
  1572 | D:2      | Found a radiant altar of Vehumet.
  1579 | D:2      | Found a burning altar of Makhleb.
  1643 | D:2      | Found a deep blue altar of Sif Muna.
  1845 | D:2      | Found a sacrificial altar of Ru.
  2234 | D:3      | Found an ancient bone altar of Kikubaaqudgha.
  2435 | D:3      | Reached skill level 6 in Charms
  2534 | D:3      | Noticed Natasha
  2539 | D:3      | Killed Natasha
  2539 | D:3      | Reached XP level 5. HP: 34/38 MP: 5/8
  2866 | D:3      | Found a glowing silver altar of Zin.
  2869 | D:3      | Noticed an angel
  2872 | D:3      | Found a shimmering altar of Xom.
  3105 | D:3      | Noticed Natasha
  3118 | D:3      | Killed Natasha
  3168 | D:3      | Reached skill level 7 in Charms
  3293 | D:4      | Reached XP level 6. HP: 41/44 MP: 2/9
  3347 | D:3      | Noticed Natasha
  3361 | D:3      | Killed Natasha
  3529 | D:4      | Learned a level 3 spell: Spectral Weapon
  3544 | D:4      | Found a stormy altar of Qazlal.
  3580 | D:4      | Noticed Dowan
  3631 | D:4      | Killed from afar by an orc wizard

Skill      XL: |  1  2  3  4  5 |
---------------+----------------+-----
Charms         | 4 5 6 7 |  7.5
Fighting       | |  2.1
Polearms       | |  3.0
Armour         | |  0.6
Dodging        | |  2.6
Spellcasting   | |  2.0

Action                   |  1- 3 |  4- 6 || total
-------------------------+-------+-------++-------
Melee: Spear             |   143 |   209 ||   352
Throw: Tomahawk          |       |     5 ||     5
 Cast: Infusion          |     4 |    11 ||    15
       Song of Slaying   |     2 |     3 ||     5
       Shroud of Golubri |       |     3 ||     3
  Use: Scroll            |       |     5 ||     5
 Stab: Sleeping          |     1 |       ||     1
  Eat: Chunk             |     2 |     7 ||     9
Armor: Leather armour    |    29 |    28 ||    57
Dodge: Dodged            |    62 |    79 ||   141
       Deflected         |       |     5 ||     5
